[Event "ICC tourney 1954 (60 10)"]
[Site "Internet Chess Club"]
[Date "2020.08.07"]
[Round "2"]
[White "Jeffchess"]
[Black "neelansh2489"]
[Result "0-1"]
[ICCResult "White checkmated"]
[WhiteElo "1364"]
[BlackElo "1294"]
[Opening "Center game"]
[ECO "C21"]
[NIC "KP.04"]
[Time "15:30:45"]
[TimeControl "3600+10"]

1. e4 e5 2. d4 exd4 3. Nf3 Bc5 4. Nxd4 Bxd4 5. Qxd4 Nc6 6. Qxg7 Qf6 7. Bh6
Qxh6 8. Qxg8+ Rxg8 9. Nc3 Nd4 10. Rd1 Nxc2+ 11. Ke2 Qh5+ 12. f3 Qg5 13. Kd3
Nb4+ 14. Kc4 Nc6 15. Nd5 Kd8 16. Bd3 Ne5+ 17. Kd4 Nxd3 18. Kxd3 Qxg2 19. Ke3
Qxb2 20. Rdg1 Rxg1 21. Rxg1 d6 22. Kf4 Qxh2+ 23. Rg3 Qh4+ 24. Rg4 Bxg4 25.
fxg4 c6 26. Ne3 Qf2+ 27. Kg5 Qxe3+ 28. Kf6 Qxe4 29. g5 Qe5+ 30. Kxf7 Qxg5
31. Ke6 Qe5+ 32. Kf7 Kd7 33. a4 Qe6+ 34. Kg7 Rg8+ 35. Kxh7 Qg6#
{White checkmated}
0-1

[Event "ICC tourney 1954 (60 10)"]
[Site "Internet Chess Club"]
[Date "2020.08.07"]
[Round "2"]
[White "Rishid7"]
[Black "Rhinoguy"]
[Result "0-1"]
[ICCResult "White checkmated"]
[WhiteElo "841"]
[BlackElo "1178"]
[Opening "Four knights: Italian variation"]
[ECO "C55"]
[NIC "IG.01"]
[Time "15:31:11"]
[TimeControl "3600+10"]

1. e4 e5 2. Nf3 Nc6 3. Bc4 Nf6 4. Nc3 Nxe4 5. Nxe4 d5 6. Bxd5 Qxd5 7. d3 Bf5
8. c4 Bb4+ 9. Ke2 Nd4+ 10. Kf1 Qe6 11. Bd2 Bxd2 12. Qxd2 Bxe4 13. dxe4 Nxf3
14. gxf3 Qxc4+ 15. Kg2 Rd8 16. Qg5 O-O 17. Qxe5 Rfe8 18. Qa5 b6 19. Qa3 a5
20. Rac1 Qb5 21. Rxc7 Rd3 22. Rc3 Qg5+ 23. Kh3 Qh5+ 24. Kg2 Qxf3+ 25. Kf1
Rd1# {White checkmated} 0-1

[Event "ICC tourney 1954 (60 10)"]
[Site "Internet Chess Club"]
[Date "2020.08.07"]
[Round "2"]
[White "yashvi"]
[Black "arjunbupeshnath"]
[Result "1-0"]
[ICCResult "Black checkmated"]
[WhiteElo "1322"]
[BlackElo "909"]
[Opening "English: four knights, kingside fianchetto"]
[ECO "A29"]
[NIC "EO.04"]
[Time "15:30:48"]
[TimeControl "3600+10"]

1. c4 e5 2. Nc3 Nf6 3. Nf3 Nc6 4. g3 Bc5 5. Bg2 d5 6. cxd5 Nxd5 7. O-O O-O
8. Nxd5 Qxd5 9. Qc2 Ne7 10. Ng5 Qd4 11. Qxh7# {Black checkmated} 1-0

[Event "ICC tourney 1954 (60 10)"]
[Site "Internet Chess Club"]
[Date "2020.08.07"]
[Round "2"]
[White "AJRChess2011"]
[Black "iamlifamily"]
[Result "1-0"]
[ICCResult "Black checkmated"]
[WhiteElo "1223"]
[BlackElo "1382"]
[Opening "Caro-Kann: advance variation"]
[ECO "B12"]
[NIC "CK.04"]
[Time "15:31:04"]
[TimeControl "3600+10"]

1. e4 c6 2. d4 d5 3. e5 Bf5 4. h4 h6 5. Bf4 e6 6. Nd2 Qb6 7. Nb3 Nd7 8. Nf3
c5 9. dxc5 Nxc5 10. Be3 Qc6 11. Nfd4 Qc7 12. Nxf5 exf5 13. Qxd5 Nxb3 14.
Bb5+ Ke7 15. axb3 Rc8 16. Bc5+ Qxc5 17. Qd7# {Black checkmated} 1-0

[Event "ICC tourney 1954 (60 10)"]
[Site "Internet Chess Club"]
[Date "2020.08.07"]
[Round "2"]
[White "Alberttheshow"]
[Black "ChessG2011"]
[Result "0-1"]
[ICCResult "White checkmated"]
[WhiteElo "564"]
[BlackElo "1024"]
[Opening "Giuoco Piano: Greco's attack"]
[ECO "C54"]
[NIC "IG.02"]
[Time "15:30:44"]
[TimeControl "3600+10"]

1. e4 e5 2. Nf3 Nc6 3. Bc4 Bc5 4. c3 Nf6 5. d4 exd4 6. cxd4 Bb4+ 7. Nc3 Nxe4
8. Qe2 Bxc3+ 9. bxc3 d5 10. Bb5 O-O 11. O-O Nxc3 12. Qb2 Nxb5 13. Qxb5 a6
14. Qe2 Re8 15. Qd1 Bg4 16. h3 Bxf3 17. Qxf3 Nxd4 18. Qd1 Nb5 19. Re1 Rxe1+
20. Qxe1 Qe8 21. Qxe8+ Rxe8 22. Bf4 c6 23. Kf1 h6 24. Re1 Rxe1+ 25. Kxe1 Kf8
26. g4 Ke7 27. Be5 f6 28. Bb8 Nd6 29. Ba7 Ke6 30. Ke2 Nc8 31. Bd4 b6 32. Ke3
c5 33. Bb2 d4+ 34. Kd2 Kd5 35. Kc2 c4 36. Ba1 b5 37. Kd2 c3+ 38. Kc1 Kc4 39.
Kd1 a5 40. Kc2 d3+ 41. Kd1 b4 42. f3 a4 43. Kc1 b3 44. a3 b2+ 45. Bxb2 cxb2+
46. Kxb2 d2 47. Kc2 d1=Q+ 48. Kxd1 Kb3 49. Kc1 Kxa3 50. Kb1 Kb3 51. Ka1 Nb6
52. h4 Nc4 53. f4 Ne3 54. g5 fxg5 55. fxg5 hxg5 56. hxg5 Nc2+ 57. Kb1 a3 58.
Kc1 a2 59. Kd2 a1=Q 60. g6 Qe5 61. Kd3 Qe3# {White checkmated} 0-1

[Event "ICC tourney 1954 (60 10)"]
[Site "Internet Chess Club"]
[Date "2020.08.07"]
[Round "2"]
[White "joeandjoe28"]
[Black "tenuun"]
[Result "1-0"]
[ICCResult "Black checkmated"]
[WhiteElo "1390"]
[BlackElo "1118"]
[Opening "Sicilian: Najdorf"]
[ECO "B90"]
[NIC "SI.14"]
[Time "15:31:11"]
[TimeControl "3600+10"]

1. e4 c5 2. Nf3 d6 3. d4 cxd4 4. Nxd4 Nf6 5. Nc3 a6 6. f3 e5 7. Nb3 Be7 8.
Be3 Be6 9. Qd2 Nc6 10. Nd5 O-O 11. O-O-O Bxd5 12. exd5 Nb8 13. g4 h6 14. h4
Nh7 15. Bd3 Nd7 16. g5 hxg5 17. Bxh7+ Kxh7 18. hxg5+ Kg8 19. Qh2 f5 20. Qh7+
Kf7 21. g6+ Ke8 22. Qxg7 Bf6 23. Qh7 Bg5 24. Bxg5 Qxg5+ 25. Kb1 Nf6 26. Qxb7
Rd8 27. g7 Rf7 28. Rh8+ Ng8 29. Rxg8+ Rf8 30. gxf8=Q# {Black checkmated} 1-0

[Event "ICC tourney 1954 (60 10)"]
[Site "Internet Chess Club"]
[Date "2020.08.07"]
[Round "2"]
[White "JerryZhu"]
[Black "antonk2012"]
[Result "1-0"]
[ICCResult "Black resigns"]
[WhiteElo "1167"]
[BlackElo "744"]
[Opening "Queen's gambit accepted"]
[ECO "D20"]
[NIC "QG.03"]
[Time "15:31:11"]
[TimeControl "3600+10"]

1. d4 d5 2. c4 dxc4 3. e3 Qd5 4. Nc3 Qd8 5. Nf3 Bg4 6. Bxc4 e6 7. O-O h5 8.
Bd2 h4 9. h3 Bxf3 10. Qxf3 c6 11. Rac1 Bd6 12. Ne4 Bc7 13. Rfd1 Qd7 14. Bc3
f5 15. Ng5 Rh6 16. e4 fxe4 17. Qxe4 Kd8 18. Bxe6 Qe7 19. Nf7+ Ke8 20. Nxh6
gxh6 21. Re1 Kd8 22. Bxg8 {Black resigns} 1-0

[Event "ICC tourney 1954 (60 10)"]
[Site "Internet Chess Club"]
[Date "2020.08.07"]
[Round "2"]
[White "GIML"]
[Black "buptwy"]
[Result "1-0"]
[ICCResult "Black checkmated"]
[WhiteElo "1085"]
[BlackElo "571"]
[Opening "Four knights: Scotch, 4...exd4"]
[ECO "C47"]
[NIC "KP.06"]
[Time "15:30:23"]
[TimeControl "3600+10"]

1. e4 e5 2. Nf3 Nc6 3. Nc3 Nf6 4. d4 exd4 5. Nxd4 Bc5 6. Nxc6 bxc6 7. Bc4
O-O 8. O-O Re8 9. Re1 d6 10. Bf4 Bg4 11. Qd2 Rb8 12. b3 Bb4 13. f3 Be6 14.
Bf1 d5 15. a3 Ba5 16. Rad1 c5 17. exd5 Nxd5 18. b4 Nxc3 19. Qxc3 cxb4 20.
Rxd8 bxc3 21. Re5 Rbxd8 22. Rxa5 Rd2 23. Bd3 Rd1+ 24. Kf2 Kf8 25. Rxa7 Rc8
26. Bxc7 Rxd3 27. cxd3 c2 28. Bf4 c1=Q 29. Bxc1 Rxc1 30. a4 Ra1 31. Ke3 Bd7
32. a5 Bb5 33. Kd4 Ke8 34. Ke4 Kd8 35. d4 Kc8 36. d5 Kb8 37. Rxf7 Rxa5 38.
Rxg7 Ra2 39. d6 Rxg2 40. Rxg2 Kc8 41. Rg8+ Kd7 42. Ke5 Bc4 43. Rg7+ Kd8 44.
f4 Bd3 45. f5 Ke8 46. f6 Bg6 47. Ke6 Kf8 48. d7 Bf5+ 49. Kxf5 h5 50. d8=Q#
{Black checkmated}
1-0

[Event "ICC tourney 1954 (60 10)"]
[Site "Internet Chess Club"]
[Date "2020.08.07"]
[Round "2"]
[White "Austin513"]
[Black "stepke"]
[Result "1-0"]
[ICCResult "Black resigns"]
[WhiteElo "1154"]
[BlackElo "1282"]
[Opening "Sicilian: Najdorf, 6.f4"]
[ECO "B93"]
[NIC "SI.12"]
[Time "15:30:38"]
[TimeControl "3600+10"]

1. e4 c5 2. Nf3 d6 3. d4 cxd4 4. Nxd4 Nf6 5. Nc3 a6 6. f4 Nc6 7. Nxc6 bxc6
8. Bd3 e6 9. O-O Be7 10. h3 Bb7 11. Be3 O-O 12. g4 d5 13. e5 d4 14. exf6
Bxf6 15. g5 Bxg5 16. fxg5 dxe3 17. Qh5 g6 18. Qh4 Qb6 19. Ne4 e2+ 20. Rf2 f5
21. Nf6+ Rxf6 22. gxf6 Qxb2 23. Re1 c5 24. Rfxe2 Bd5 25. c4 Qxa2 26. Rxa2
{Black resigns}
1-0

[Event "ICC tourney 1954 (60 10)"]
[Site "Internet Chess Club"]
[Date "2020.08.07"]
[Round "2"]
[White "bryantan2010"]
[Black "kstao17"]
[Result "1-0"]
[ICCResult "Black checkmated"]
[WhiteElo "1161"]
[BlackElo "571"]
[Opening "King's pawn game"]
[ECO "C50"]
[NIC "IG.03"]
[Time "15:30:54"]
[TimeControl "3600+10"]

1. e4 e5 2. Nf3 Nc6 3. Bc4 h6 4. Nc3 Nf6 5. d3 Bb4 6. Bd2 d6 7. h3 Bd7 8. a3
Bxc3 9. Bxc3 O-O 10. Qd2 a6 11. b4 b5 12. Bb3 Re8 13. O-O Qe7 14. Rfe1 Be6
15. Bxe6 Qxe6 16. Bb2 Qd7 17. c4 bxc4 18. dxc4 Na7 19. Rad1 Nc6 20. c5 Re6
21. Nh4 a5 22. Nf5 axb4 23. axb4 Ne8 24. Re3 h5 25. Rd3 Rd8 26. b5 Ne7 27.
c6 Qc8 28. Qg5 Nxf5 29. exf5 Rh6 30. Bxe5 f6 31. Bxf6 Nxf6 32. Rg3 Rh7 33.
Qxf6 Kh8 34. Qg6 Rf8 35. Re1 Rh6 36. Qxg7# {Black checkmated} 1-0

[Event "ICC tourney 1954 (60 10)"]
[Site "Internet Chess Club"]
[Date "2020.08.07"]
[Round "2"]
[White "wareagle34"]
[Black "handsomematch"]
[Result "1-0"]
[ICCResult "Black checkmated"]
[WhiteElo "122"]
[BlackElo "1197"]
[Opening "Grünfeld: 5.e3"]
[ECO "D94"]
[NIC "GI.09"]
[Time "15:30:57"]
[TimeControl "3600+10"]

1. d4 Nf6 2. c4 g6 3. Nc3 d5 4. Nf3 Bg7 5. e3 O-O 6. Be2 c6 7. O-O Bg4 8. h3
Bxf3 9. Bxf3 Qd7 10. a4 Na6 11. b3 Rfd8 12. Bb2 e6 13. Re1 c5 14. Nb5 Ne8
15. Bc3 Nec7 16. Qd2 cxd4 17. Bxd4 Bxd4 18. exd4 Nxb5 19. axb5 Nc7 20. Bg4
dxc4 21. bxc4 Qxd4 22. Qxd4 Rxd4 23. Rad1 Rxc4 24. Rd7 Nxb5 25. Bxe6 fxe6
26. Rxe6 a5 27. Ree7 Rf4 28. Rxh7 a4 29. Rdg7+ Kf8 30. Rxb7 a3 31. Rh8#
{Black checkmated}
1-0

[Event "ICC tourney 1954 (60 10)"]
[Site "Internet Chess Club"]
[Date "2020.08.07"]
[Round "2"]
[White "PranitP2011"]
[Black "Gnanathan"]
[Result "1-0"]
[ICCResult "Black checkmated"]
[WhiteElo "1197"]
[BlackElo "1369"]
[Opening "Sicilian: Richter-Rauzer, Bondarevsky variation"]
[ECO "B60"]
[NIC "SI.27"]
[Time "15:31:11"]
[TimeControl "3600+10"]

1. e4 c5 2. Nf3 d6 3. d4 cxd4 4. Nxd4 Nc6 5. Nc3 Nf6 6. Bg5 g6 7. f4 Bg7 8.
Nxc6 bxc6 9. e5 Ng4 10. exd6 Qxd6 11. Qxd6 exd6 12. O-O-O Nf2 13. Rxd6 O-O
14. Rg1 Bxc3 15. bxc3 Ne4 16. Rxc6 Bb7 17. Rc7 Bd5 18. Bd3 Nxg5 19. fxg5
Bxa2 20. Re1 Be6 21. Be4 Rac8 22. Rxc8 Rxc8 23. Re3 Rc5 24. Bd3 Rxg5 25. Re2
Rc5 26. Kb2 a5 27. Re4 Bf5 28. Rf4 Be6 29. Re4 Bd5 30. Re5 f6 31. Rxd5 Rxd5
32. Bc4 Kf7 33. Bxd5+ Ke7 34. Bg8 h5 35. Bh7 g5 36. Ka3 Kd6 37. Ka4 Kc5 38.
Kxa5 Kc4 39. Kb6 Kxc3 40. Kc6 h4 41. Kd6 g4 42. Ke6 g3 43. h3 Kd2 44. Kxf6
Ke2 45. Be4 Ke3 46. Kf5 Kd2 47. Kg4 Ke3 48. Bf3 Kf2 49. Kxh4 Ke3 50. Kxg3
Kd2 51. h4 Kxc2 52. h5 Kc3 53. h6 Kd4 54. h7 Ke5 55. h8=Q+ Kf5 56. Qd4 Kg5
57. Qf4+ Kg6 58. Qe5 Kh6 59. Kg4 Kh7 60. Qg5 Kh8 61. Kf5 Kh7 62. Kf6 Kh8 63.
Qg7# {Black checkmated} 1-0

[Event "ICC tourney 1954 (60 10)"]
[Site "Internet Chess Club"]
[Date "2020.08.07"]
[Round "2"]
[White "johnique"]
[Black "chakwo456"]
[Result "0-1"]
[ICCResult "White resigns"]
[WhiteElo "1363"]
[BlackElo "1283"]
[Opening "QGD: 4.Bg5 Be7, 5.e3 O-O"]
[ECO "D53"]
[NIC "QO.13"]
[Time "15:30:48"]
[TimeControl "3600+10"]

1. d4 d5 2. c4 e6 3. Nc3 Nf6 4. Bg5 Be7 5. e3 O-O 6. c5 Nc6 7. Nf3 h6 8. Bf4
b6 9. cxb6 axb6 10. Nb5 Bd6 11. Nxd6 cxd6 12. h3 Re8 13. Bb5 Bb7 14. Rc1
Rxa2 15. Bxc6 Bxc6 16. Rxc6 Qa8 17. Rc1 Qa5+ 18. Qd2 Qxd2+ 19. Nxd2 Rxb2 20.
Bxd6 Rxd2 21. Kxd2 Ne4+ 22. Ke1 Nxd6 23. f3 e5 24. Rc6 Nc4 25. Kf2 exd4 26.
exd4 Rb8 27. Re1 b5 28. Re7 b4 29. Rcc7 Nd6 30. Red7 Rb6 31. Rb7 Nxb7
{White resigns}
0-1

[Event "ICC tourney 1954 (60 10)"]
[Site "Internet Chess Club"]
[Date "2020.08.07"]
[Round "2"]
[White "Penguino26"]
[Black "Remington"]
[Result "1-0"]
[ICCResult "Black resigns"]
[WhiteElo "1237"]
[BlackElo "751"]
[Opening "King's Indian: Smyslov system"]
[ECO "E61"]
[NIC "KI.76"]
[Time "15:29:58"]
[TimeControl "3600+10"]

1. d4 Nf6 2. c4 d6 3. Nc3 g6 4. Nf3 Bg7 5. Bg5 O-O 6. Qd2 Nbd7 7. Bh6 b6 8.
Bxg7 Kxg7 9. e4 Bb7 10. d5 c6 11. h3 cxd5 12. cxd5 Rc8 13. Nd4 a6 14. h4 b5
15. a3 e6 16. dxe6 fxe6 17. Nxe6+ Kg8 18. Nxd8 Rfxd8 19. f3 {Black resigns}
1-0

[Event "ICC tourney 1954 (60 10)"]
[Site "Internet Chess Club"]
[Date "2020.08.07"]
[Round "2"]
[White "lerui"]
[Black "Rockstaryoyo901"]
[Result "1-0"]
[ICCResult "Black resigns"]
[WhiteElo "185"]
[BlackElo "587"]
[Opening "French defense"]
[ECO "C00"]
[NIC "FR.01"]
[Time "15:30:10"]
[TimeControl "3600+10"]

1. e4 e6 2. Nf3 d5 3. exd5 exd5 4. d4 Nf6 5. Be2 Be7 6. O-O O-O 7. h3 h6 8.
Nc3 c5 9. dxc5 Be6 10. Be3 Nc6 11. Bb5 Qa5 12. Bxc6 bxc6 13. Re1 Bxc5 14.
Bxc5 Qxc5 15. Qd3 Qb6 16. Rab1 a5 17. Ne5 a4 18. a3 c5 19. Qd2 d4 20. Ne2
Rfe8 21. Ng3 Bd5 22. Qd3 Qb7 23. Nf3 Re2 24. Rxe2 Bxf3 25. Qxf3 {Black
resigns} 1-0

[Event "ICC tourney 1954 (60 10)"]
[Site "Internet Chess Club"]
[Date "2020.08.07"]
[Round "2"]
[White "agrimjax1"]
[Black "ayanloveschess"]
[Result "1-0"]
[ICCResult "Black resigns"]
[WhiteElo "1248"]
[BlackElo "747"]
[Opening "Giuoco Pianissimo: Italian four knights variation"]
[ECO "C50"]
[NIC "IG.02"]
[Time "15:30:34"]
[TimeControl "3600+10"]

1. e4 e5 2. Nf3 Nc6 3. Bc4 Bc5 4. Nc3 Nf6 5. d3 h6 6. O-O O-O 7. Be3 Bxe3 8.
fxe3 d6 9. h3 Re8 10. a3 Be6 11. Nd5 Bxd5 12. exd5 Ne7 13. e4 c6 14. dxc6
Nxc6 15. Qd2 Qb6+ 16. Kh1 Qxb2 17. Rfb1 Qxa1 18. Rxa1 Rac8 19. Rb1 b6 20.
Ba6 Rc7 21. Bb5 Rec8 22. c4 Nd4 23. Nxd4 exd4 24. Qb4 Rd8 25. Qb2 Ra8 26.
Qxd4 Rd8 27. e5 Ne8 28. Bxe8 Rxe8 29. exd6 Rd7 30. c5 bxc5 31. Qxc5 Red8 32.
Qc7 Rxd6 33. Rb8 Rxd3 34. Rxd8+ Rxd8 35. Qxd8+ Kh7 36. Qc7 {Black resigns}
1-0

[Event "ICC tourney 1954 (60 10)"]
[Site "Internet Chess Club"]
[Date "2020.08.07"]
[Round "2"]
[White "Cgchess"]
[Black "temporarydanger"]
[Result "0-1"]
[ICCResult "White checkmated"]
[WhiteElo "1299"]
[BlackElo "1221"]
[Opening "Ruy Lopez: classical (Cordel) defense"]
[ECO "C64"]
[NIC "RL.01"]
[Time "15:30:03"]
[TimeControl "3600+10"]

1. e4 e5 2. Nf3 Nc6 3. Bb5 Bc5 4. Bxc6 dxc6 5. O-O Qf6 6. h3 Qg6 7. Nxe5 Qf6
8. Nf3 Nh6 9. d3 Qg6 10. Nh4 Qf6 11. Nf3 Rg8 12. d4 Bb6 13. e5 Qe6 14. Ng5
Qd5 15. Nf3 Nf5 16. Nc3 Qe6 17. Re1 g5 18. Nxg5 Qg6 19. Qf3 Nxd4 20. Qd3 h6
21. Qxg6 Rxg6 22. e6 hxg5 23. exf7+ Kxf7 24. Rb1 Bf5 25. Re5 Bxc2 26. Ra1
Re8 27. Rxg5 Rxg5 28. Bxg5 Ne2+ 29. Nxe2 Rxe2 30. Rc1 Rxf2 31. Kh1 Be4 32.
Rg1 Rf5 33. Re1 Bxg2+ 34. Kxg2 Rxg5+ 35. Kh2 Kf6 36. Rf1+ Rf5 37. Rd1 Rf2+
38. Kg3 Rxb2 39. Rf1+ Rf2 40. Rxf2+ Bxf2+ 41. Kxf2 Kg5 42. Kg3 Kh5 43. Kh2
Kh4 44. Kg2 c5 45. Kf3 c4 46. Ke4 Kxh3 47. Kd4 Kg4 48. Kxc4 Kf5 49. Kd5 Kf6
50. Kc5 Ke7 51. a4 Kd7 52. a5 b6+ 53. Kb5 Kc8 54. a6 Kd7 55. Kc4 Kc6 56. Kb4
Kd7 57. Kb5 c5 58. Kc4 Kc6 59. Kb3 b5 60. Kc3 Kb6 61. Kb3 Kxa6 62. Kc3 Kb6
63. Kb3 a5 64. Kc3 a4 65. Kb2 Ka5 66. Ka3 b4+ 67. Kb2 Kb5 68. Ka2 c4 69. Ka1
Kc5 70. Kb2 Kd4 71. Kc2 a3 72. Kb1 Kd3 73. Kc1 a2 74. Kb2 Kd2 75. Kxa2 c3
76. Kb1 c2+ 77. Ka2 c1=Q 78. Kb3 Qc3+ 79. Ka2 b3+ 80. Kb1 Qc2+ 81. Ka1 Qa2#
{White checkmated}
0-1

[Event "ICC tourney 1954 (60 10)"]
[Site "Internet Chess Club"]
[Date "2020.08.07"]
[Round "2"]
[White "SoaringHawk24"]
[Black "ThanhPoertner"]
[Result "0-1"]
[ICCResult "White checkmated"]
[WhiteElo "1272"]
[BlackElo "1095"]
[Opening "Sicilian: Taimanov variation"]
[ECO "B45"]
[NIC "SI.39"]
[Time "15:30:39"]
[TimeControl "3600+10"]

1. e4 c5 2. Nf3 Nc6 3. d4 cxd4 4. Nxd4 e6 5. Nc3 Nf6 6. f3 a6 7. Be3 d5 8.
Qd2 Bb4 9. Nxc6 bxc6 10. O-O-O O-O 11. g4 Bb7 12. g5 Nd7 13. h4 c5 14. h5 d4
15. Bxd4 cxd4 16. Qxd4 Qxg5+ 17. Kb1 Bxc3 18. Qxd7 Rfd8 19. bxc3 Rxd7 20.
Rxd7 Bc6 21. Rd6 Rb8+ 22. Ka1 Qc1# {White checkmated} 0-1

[Event "ICC tourney 1954 (60 10)"]
[Site "Internet Chess Club"]
[Date "2020.08.07"]
[Round "2"]
[White "Justin2009"]
[Black "jerryjhzhang"]
[Result "1-0"]
[ICCResult "Black resigns"]
[WhiteElo "1251"]
[BlackElo "824"]
[Opening "Giuoco Pianissimo"]
[ECO "C50"]
[NIC "IG.02"]
[Time "15:30:34"]
[TimeControl "3600+10"]

1. e4 e5 2. Nf3 Nc6 3. Bc4 Bc5 4. d3 Nf6 5. Bg5 O-O 6. Nc3 h6 7. Bh4 Re8 8.
Nd5 Nb4 9. Nxf6+ gxf6 10. a3 d5 11. axb4 Bxb4+ 12. c3 Bxc3+ 13. bxc3 dxc4
14. dxc4 Qe7 15. O-O Bg4 16. h3 Bxf3 17. Qxf3 Kg7 18. Rae1 Qe6 19. Qg4+ Qxg4
20. hxg4 Rad8 21. Rd1 Rxd1 22. Rxd1 Kg6 23. Rd7 Rc8 24. f3 a5 25. Rd5 Ra8
26. c5 a4 27. c4 a3 28. Be1 a2 29. Bc3 Ra3 30. Ba1 h5 31. gxh5+ Kxh5 32. Kf2
Kh4 33. Rd7 Rb3 34. Rxc7 Rb1 35. Bc3 a1=Q 36. Bxa1 Rxa1 37. Rxb7 Ra2+ 38.
Ke3 Ra3+ 39. Kd2 Kg3 40. c6 Kxg2 41. c7 Ra2+ 42. Kc3 Kxf3 43. c8=Q Kxe4 44.
Qg4+ Ke3 45. Rxf7 e4 46. Qg3+ {Black resigns} 1-0

[Event "ICC tourney 1954 (60 10)"]
[Site "Internet Chess Club"]
[Date "2020.08.07"]
[Round "2"]
[White "srinandasai12"]
[Black "oxdidi"]
[Result "1/2-1/2"]
[ICCResult "Game drawn by mutual agreement"]
[WhiteElo "1170"]
[BlackElo "1328"]
[Opening "Scotch gambit: Dubois-Réti defense"]
[ECO "C55"]
[NIC "KP.02"]
[Time "15:30:03"]
[TimeControl "3600+10"]

1. e4 e5 2. Nf3 Nc6 3. d4 exd4 4. Bc4 Nf6 5. e5 Ne4 6. Nxd4 Nxe5 7. Qe2 Nxc4
8. Qxc4 Qf6 9. O-O Be7 10. Nf3 c6 11. Qxe4 d5 12. Qe2 O-O 13. Nc3 Qg6 14.
Qxe7 Bh3 15. Ng5 Bxg2 16. Kxg2 h6 17. Qxb7 hxg5 18. Kh1 g4 19. Rg1 d4 20.
Na4 {Game drawn by mutual agreement} 1/2-1/2

[Event "ICC tourney 1954 (60 10)"]
[Site "Internet Chess Club"]
[Date "2020.08.07"]
[Round "2"]
[White "lemonbar"]
[Black "Anichess2009"]
[Result "0-1"]
[ICCResult "White resigns"]
[WhiteElo "987"]
[BlackElo "499"]
[Opening "Queen's pawn: Charlick (Englund) gambit"]
[ECO "A40"]
[NIC "QO.17"]
[Time "15:30:26"]
[TimeControl "3600+10"]

1. d4 e5 2. dxe5 Qe7 3. Nf3 Nc6 4. Nc3 Nxe5 5. Nxe5 Qxe5 6. e3 Nf6 7. Be2
Bb4 8. Qd3 Ne4 9. Bd2 Nxd2 10. Qxd2 O-O 11. O-O d6 12. a3 Ba5 13. b4 Bb6 14.
a4 c6 15. a5 Bc7 16. Rfe1 d5 17. f4 Qf6 18. Rf1 b6 19. Rf3 Bg4 20. Rf2 Bxe2
21. Rxe2 Rfe8 22. Rf1 Re7 23. Rf3 bxa5 24. bxa5 Bxa5 25. e4 d4 26. e5 dxc3
27. exf6 cxd2 28. Rxd2 Re1+ 29. Rf1 Rxf1+ 30. Kxf1 Bxd2 31. Ke2 Bxf4 32.
fxg7 Bxh2 33. Kd3 Kxg7 34. Kc4 a5 {White resigns} 0-1

[Event "ICC tourney 1954 (60 10)"]
[Site "Internet Chess Club"]
[Date "2020.08.07"]
[Round "2"]
[White "OldManReid"]
[Black "Lucasmoon17"]
[Result "1-0"]
[ICCResult "Black checkmated"]
[WhiteElo "1145"]
[BlackElo "705"]
[Opening "Grob's attack"]
[ECO "A00"]
[NIC "VO.11"]
[Time "15:30:08"]
[TimeControl "3600+10"]

1. g4 Nc6 2. Bg2 b6 3. Nc3 Bb7 4. d3 e5 5. Nf3 Bc5 6. b3 Nf6 7. g5 Ng4 8.
O-O O-O 9. Bb2 Bd6 10. Ne4 Bb4 11. h3 d5 12. hxg4 dxe4 13. dxe4 Bd6 14. Qd5
Na5 15. Qd3 f6 16. gxf6 Qxf6 17. g5 Qf7 18. Bxe5 Bxe5 19. Nxe5 Qh5 20. f4
Rad8 21. Nd7 Rf7 22. Nf6+ gxf6 23. Qxd8+ Rf8 24. Qxc7 Ba8 25. gxf6 Rxf6 26.
Rf3 Bxe4 27. Rg3+ Bg6 28. Qd8+ Rf8 29. Qd5+ Kh8 30. Qxh5 Bxh5 31. Bf3 Be8
32. Rd1 Rxf4 33. Rd8 Rf8 34. Bh5 Nc6 35. Rxe8 Rxe8 36. Bxe8 Ne7 37. Rh3 Kg7
38. Kf2 h6 39. Rf3 Nd5 40. Rf7+ Kg8 41. Kg3 Nc3 42. Kh4 Nxe2 43. Kh5 Nc3 44.
Kxh6 Nxa2 45. Kg6 a5 46. Bb5 Nc3 47. Bc4 b5 48. Be6 a4 49. Rf3+ Kh8 50. Rf8#
{Black checkmated}
1-0

[Event "ICC tourney 1954 (60 10)"]
[Site "Internet Chess Club"]
[Date "2020.08.07"]
[Round "2"]
[White "Blitzstein"]
[Black "aslan777"]
[Result "0-1"]
[ICCResult "White resigns"]
[WhiteElo "927"]
[BlackElo "493"]
[Opening "Scandinavian (center counter) defense"]
[ECO "B01"]
[NIC "SD.01"]
[Time "15:30:21"]
[TimeControl "3600+10"]

1. e4 d5 2. exd5 Qxd5 3. Nc3 Qa5 4. Nf3 Nf6 5. Be2 Bg4 6. h3 Bh5 7. a3 e6 8.
b4 Bxb4 9. a4 Bxc3 10. dxc3 Qxc3+ 11. Bd2 Qc5 12. Be3 Qd6 13. O-O Qxd1 14.
Rfxd1 O-O 15. g4 Bg6 16. Ne5 Bxc2 17. Rdc1 Be4 18. Rxc7 Nd5 19. Rc4 Bg6 20.
Bc5 Rd8 21. Rd1 Na6 22. Ba3 Rac8 23. Nxg6 hxg6 24. Rxc8 Rxc8 25. Rc1 Rxc1+
26. Bxc1 Kf8 27. Kg2 Ke7 28. Kf3 Kd6 29. g5 Nc3 30. Bb2 Nxa4 31. Bxg7 N4c5
32. h4 e5 33. Bc4 e4+ 34. Ke3 Ke7 35. Bd4 b6 36. Bxa6 Nxa6 37. Kxe4 Ke6 38.
f4 Nc5+ 39. Ke3 Kf5 40. Kf3 Ne6 41. Be5 a6 42. Bb8 b5 {White resigns} 0-1

[Event "ICC tourney 1954 (60 10)"]
[Site "Internet Chess Club"]
[Date "2020.08.07"]
[Round "2"]
[White "KCchess"]
[Black "weheinrich"]
[Result "0-1"]
[ICCResult "White checkmated"]
[WhiteElo "495"]
[BlackElo "992"]
[Opening "Giuoco Piano"]
[ECO "C50"]
[NIC "IG.02"]
[Time "15:30:35"]
[TimeControl "3600+10"]

1. e4 e5 2. Nf3 Nc6 3. Bc4 Bc5 4. O-O Nf6 5. Ng5 O-O 6. Nc3 h6 7. Nh3 d6 8.
Ne2 Bxh3 9. gxh3 Nxe4 10. d4 Nxd4 11. Bd5 c6 12. Bxe4 f5 13. Bg2 f4 14. Nxd4
Bxd4 15. Qd3 Qg5 16. Qc4+ Kh8 17. Qe2 f3 18. Bxg5 fxe2 19. Be3 exf1=Q+ 20.
Bxf1 Bxb2 21. Rb1 Bd4 22. Rxb7 Bxe3 23. fxe3 Rf3 24. e4 Raf8 25. Bg2 Re3 26.
c4 Re1+ 27. Bf1 Rexf1+ 28. Kg2 R1f2+ 29. Kg3 Rxa2 30. h4 Rff2 31. Rb8+ Kh7
32. Kg4 Rxh2 33. Kf5 Rxh4 34. Ke6 Rxe4 35. Kxd6 Rxc4 36. Kxe5 Re2+ 37. Kd6
Rd4+ 38. Kxc6 Rc2+ 39. Kb7 Rb4+ 40. Ka8 Rxb8+ 41. Kxb8 a5 42. Kb7 a4 43. Kb6
a3 44. Kb5 a2 45. Kb4 a1=Q 46. Kb3 Rb2+ 47. Kc3 Qc1+ 48. Kd4 Rd2+ 49. Ke5
Qe1+ 50. Kf5 Rf2+ 51. Kg4 Qg1+ 52. Kh5 Rh2# {White checkmated} 0-1

[Event "ICC tourney 1954 (60 10)"]
[Site "Internet Chess Club"]
[Date "2020.08.07"]
[Round "2"]
[White "Leifpaulson"]
[Black "seaglass-chess"]
[Result "1-0"]
[ICCResult "Black resigns"]
[WhiteElo "1116"]
[BlackElo "1321"]
[Opening "Queen's pawn, Mason variation"]
[ECO "D00"]
[NIC "QP.08"]
[Time "15:30:53"]
[TimeControl "3600+10"]

1. d4 d5 2. Bf4 e6 3. Nf3 c6 4. Nbd2 f5 5. c4 Bb4 6. cxd5 cxd5 7. Bxb8 Rxb8
8. Qa4+ Bd7 9. Qxb4 Qc7 10. Qc3 Qb6 11. e3 Nf6 12. Qb3 Qc7 13. Bd3 O-O 14.
O-O Be8 15. Ne5 Nd7 16. Rac1 Qd8 17. Ndf3 Bh5 18. Nxd7 Qxd7 19. Ne5 Qe7 20.
Bb5 f4 21. Nd7 Qg5 22. exf4 Rxf4 23. Nxb8 Bf3 24. Rc8+ Kf7 25. Be8+ Ke7 26.
Qxb7+ Kf8 27. Bf7+ {Black resigns} 1-0